 Dungeon Crawl Stone Soup version 0.21.1-1-g345015f (webtiles) character file.

319 inc the Shield-Bearer (level 6, 0/43 HPs)
             Began as an Octopode Fighter on June 13, 2018.
             Slain by an ufetubus (2 damage)
             ... summoned by Eustachio
             ... on level 4 of the Dungeon.
             The game lasted 00:02:20 (1906 turns).

inc the Shield-Bearer (Octopode Fighter)            Turns: 1906, Time: 00:02:20

Health: 0/43       AC:  1    Str: 16    XL:     6   Next: 46%
Magic:  6/6        EV: 12    Int: 10    God:
Gold:   118        SH:  9    Dex: 13    Spells: 5/5 levels left

rFire    . . .     SeeInvis +     - Unarmed
rCold    . . .     Gourm    .   a - +0 shield
rNeg     . . .     Faith    .   (helmet restricted)
rPois    .         Spirit   .   (no amulet)
rElec    .         Reflect  .   j - ring of see invisible
rCorr    .         Harm     .   (no ring)
MR       .....                  (no ring)
Stlth    +++.......             (no ring)
HPRegen  0.14/turn              (no ring)
MPRegen  0.10/turn              (no ring)
                                (no ring)
                                (no ring)

@: no status effects
A: almost no armour, stealthy swim, amphibious, 8 rings, constrict 8, camouflage
1, gelatinous body 1
a: no special abilities


You were on level 4 of the Dungeon.
You were very hungry.

You visited 1 branch of the dungeon, and saw 4 of its levels.

You collected 118 gold pieces.

Inventory:

Armour
 a - a +0 shield (worn)
Jewellery
 j - a ring of see invisible (left tentacle)
Scrolls
 d - a scroll of fog {unknown}
 e - 2 scrolls of teleportation {unknown}
 f - 3 scrolls of immolation {unknown}
 h - 3 scrolls of identify {unknown}
 i - a scroll of magic mapping {unknown}
 k - a scroll of blinking {unknown}
 l - 2 scrolls of remove curse {unknown}
 n - a scroll of random uselessness {unknown}
Potions
 b - a potion of cancellation {unknown}
 g - a potion of flight {unknown}
 m - a potion of agility {unknown}
 o - a potion of curing {unknown}
Comestibles
 c - 3 rations


   Skills:
 + Level 4.0 Fighting
 + Level 4.0 Dodging
 + Level 3.4 Stealth
 + Level 4.1 Shields
 + Level 3.5 Unarmed Combat


You had 5 spell levels left.
You didn't know any spells.

Dungeon Overview and Level Annotations

Branches:
Dungeon (3/15)

Altars:

Annotations:
D:4 Eustachio


Innate Abilities, Weirdness & Mutations

You cannot wear most types of armour.
You are very stealthy in the water. (Stealth+)
You are amphibious.
You can wear up to eight rings at the same time.
You can use your tentacles to constrict eight enemies at once.
Your skin changes colour to match your surroundings (Stealth+).
Your rubbery body absorbs attacks. (AC +1, EV +1)


Message History

The ufetubus disappears in a puff of smoke!
The bat hits you. The bat hits you but does no damage.
The ufetubus barely misses you. You block the ufetubus's attack.
The quokka bites you. x2
Eustachio hits you with a rapier of freezing!
* * * LOW HITPOINT WARNING * * *
Eustachio freezes you.
* * * LOW HITPOINT WARNING * * *
The iron imp barely misses you. The ufetubus closely misses you.
The ufetubus barely misses you. The ufetubus hits you.
* * * LOW HITPOINT WARNING * * *
The ufetubus barely misses you.
You closely miss Eustachio. Your grab misses Eustachio.
Eustachio is almost dead.
You block the bat's attack. The bat closely misses you.
Eustachio gestures wildly while chanting.
Eustachio blinks!
The quokka barely misses you.
The ufetubus hits you but does no damage.
The ufetubus hits you.
You die...

...##≈≈≈≈..≈≈≈≈####
....##≈≈≈.)≈≈≈##......
.....####''####......#
.#..#......#.........#
............<........#
.................#...#
.....................####
...............§r5......#
......(........5@5§.§...#
............<...br..§...#
..............§$r..§§...#
........................#
....?............@.(....#
#.............)#######
#............##
#############


You could see Eustachio, an iron imp, a river rat, 2 ufetubi, 2 quokkas and a
bat.

Vanquished Creatures
  Sigmund (D:2)
  An ogre (D:4)
  3 adders
  An ooze (D:1)
  An adder skeleton (D:4)
  3 worms (D:2)
  2 dart slugs
  An orc (D:4)
  A giant cockroach (D:1)
  3 goblins (D:1)
  3 hobgoblins
  2 ball pythons (D:1)
  6 bats (D:1)
  5 frilled lizards
  5 kobolds
  5 rats
43 creatures vanquished.

Notes
Turn   | Place    | Note
-------+----------+-------------------------------------------
     0 | D:1      | inc the Octopode Fighter began the quest for the Orb.
     0 | D:1      | Reached XP level 1. HP: 16/16 MP: 1/1
     6 | D:1      | Noticed a redback
     6 | D:1      | Noticed a polar bear
     6 | D:1      | Noticed a salamander
     7 | D:1      | Noticed a wolf
     7 | D:1      | Noticed a crocodile
   196 | D:1      | Reached XP level 2. HP: 21/21 MP: 2/2
   547 | D:1      | Reached XP level 3. HP: 20/26 MP: 3/3
   689 | D:2      | Reached skill level 1 in Stealth
   823 | D:2      | Noticed Sigmund
   833 | D:2      | Killed Sigmund
   833 | D:2      | Reached XP level 4. HP: 22/33 MP: 4/4
   833 | D:2      | Reached XP level 5. HP: 25/37 MP: 5/5
  1078 | D:2      | Reached XP level 6. HP: 42/43 MP: 6/6
  1561 | D:3      | You fall through a shaft!
  1892 | D:4      | Noticed Eustachio
  1905 | D:4      | HP: 2/43 [ufetubus[Eustachio] (3)]
  1906 | D:4      | Slain by an ufetubus

Skill      XL: |  1  2  3  4  5  6 |
---------------+-------------------+-----
Stealth        | 2 3 |  3.4
Unarmed Combat | 3 |  3.5
Shields        | 4 |  4.1
Fighting       | 4 |  4.0
Dodging        | 4 |  4.0

Action                   |  1- 3 |  4- 6 || total
-------------------------+-------+-------++-------
Melee: Unarmed           |    51 |    43 ||    94
       Tentacles         |    16 |     5 ||    21
       Constrict         |    17 |     9 ||    26
       Punch             |       |     1 ||     1
  Use: Potion            |       |     1 ||     1
 Stab: Sleeping          |     8 |     3 ||    11
       Distracted        |     1 |       ||     1
  Eat: Chunk             |       |     2 ||     2
Armor: Skin              |       |     2 ||     2
Dodge: Dodged            |    20 |    20 ||    40
Block: Shield            |    13 |    13 ||    26
